 Dungeon Crawl Stone Soup version 0.31-a0-1626-g5cb510d322 (webtiles) character file.

Game seed: 10670329448892261164

4 BigPumpCobain the Ruffian (level 1, -1/13 HPs)
             Began as an Octopode Shapeshifter on Jan 12, 2024.
             Slain by a ball python (2 damage)
             ... on level 1 of the Dungeon.
             The game lasted 00:00:24 (39 turns).

BigPumpCobain the Ruffian (Octopode Shapeshifter)     Turns: 39, Time: 00:00:24

Health: -1/13      AC:  1    Str: 13    XL:     1   Next: 60%
Magic:  1/1        EV: 10    Int: 12    God:
Gold:   0          SH:  0    Dex: 11    Spells: 0/0 levels left

rFire   . .          .
                       - Unarmed
rCold   . . .        (no shield)
rNeg    . . .        (helmet currently unavailable)
rPois   .            (no amulet)
rElec   .            (no ring)
rCorr   .            (no ring)
SInv    .            (no ring)
Will    .....        (no ring)
Stlth   ++           (no ring)
HPRegen 0.22/turn    (no ring)
MPRegen 0.07/turn    (no ring)
                     (no ring)

%: no passive effects
@: beast-form, constricted
A: beast (slay +1), almost no armour, amphibious, 8 rings, camouflage 1,
gelatinous body 1, (nimble swimmer 1), tentacles
a: Begin Untransformation


You were on level 1 of the Dungeon.
You were a hulking beast.
You visited 1 branch of the dungeon, and saw 1 of its levels.

Inventory:

Talismans
 b - a beast talisman
 c - a flux talisman
Potions
 a - a potion of lignification


   Skills:
 + Level 1.1 Fighting
 + Level 2.0 Dodging
 * Level 3.1 Unarmed Combat
 * Level 3.0 Shapeshifting


You couldn't memorise any spells.
You didn't know any spells.
Your spell library was empty.

Dungeon Overview and Level Annotations

Branches:
Dungeon (1/15)

Altars:


Innate Abilities, Weirdness & Mutations

You are a hulking beast.
Your limbs bulge with bestial killing power. (Slay +1)
You cannot wear most types of armour.
You are amphibious.
You can wear up to eight rings at the same time.
Your skin changes colour to match your surroundings (Stealth+).
Your rubbery body absorbs attacks. (AC +1, EV +1)
((You are camouflaged when in or above water. (Stealth+)))
You have tentacles for arms and can constrict up to eight enemies at once.


Message History

You are too injured to fight recklessly!
You are too injured to fight recklessly!
You are too injured to fight recklessly!
You are too injured to fight recklessly!
You are too injured to fight recklessly!
You are too injured to fight recklessly!
You are too injured to fight recklessly!
You are too injured to fight recklessly!
You are too injured to fight recklessly!
You are too injured to fight recklessly!
You are too injured to fight recklessly!
You are too injured to fight recklessly!
You are too injured to fight recklessly!
You are too injured to fight recklessly!
You are too injured to fight recklessly!
You are too injured to fight recklessly!
You are too injured to fight recklessly!
You are too injured to fight recklessly!
You are too injured to fight recklessly!
You are too injured to fight recklessly!
You tentacle-slap the ball python.
The ball python is severely wounded.
You constrict the ball python.
You kill the ball python!
The ball python barely misses you. The ball python closely misses you.
The rat misses you. The ball python closely misses you.
The ball python barely misses you.
You closely miss the ball python. Your grab misses the ball python.
The rat closely misses you. The ball python bites you.
The ball python grabs you. The ball python constricts you.
You closely miss the ball python. Your grab misses the ball python.
The rat bites you.
* * * LOW HITPOINT WARNING * * *
The ball python closely misses you. The ball python constricts you.
* * * LOW HITPOINT WARNING * * *
You barely miss the ball python. You grab the ball python.
You constrict the ball python.
A bat comes into view.
The ball python bites you.
You die...

#. #.# #.# #.### #
#.# #...## .##
#.#####....## #.# ##
......†.....# #.. ..
............###.# b#
≈~~~~~~≈≈~≈...#.# ..
~≈≈≈≈≈≈~≈≈~...#S##.#
≈≈≈≈≈≈≈≈≈≈~.....hr.#
≈≈≈#+#+#≈≈~...#†####
#'## +≈≈~...#.# ...#
+≈≈~...#.# ##.#+#
#≈≈~...#.#
.#...#≈≈≈~....#.#
.'.⌠.+~≈~..⌠..#.#
.'.⌠.+ ~~..⌠..#.#
.#...#


You could see a bat (wandering), a ball python and a rat.

Vanquished Creatures
  2 ball pythons (D:1)
  A hobgoblin (D:1)
3 creatures vanquished.

Notes
Turn   | Place    | Note
-------+----------+-------------------------------------------
     0 | D:1      | BigPumpCobain the Octopode Shapeshifter began the quest for
                  | the Orb.
     0 | D:1      | Reached XP level 1. HP: 13/13 MP: 1/1
    39 | D:1      | Slain by a ball python

Illustrated notes

Levels and vault maps discovered:
D:1:      dpeg_arrival_castle, layout_loops_ring

Action                     || total
---------------------------++-------
  Melee: Unarmed           ||    11
         Constrict         ||     3
 Armour: Skin              ||     9
  Dodge: Dodged            ||    13

Table legend: (Time is in decaauts)
 A = Elapsed time spent in this place.
 B = Non-inter-level travel time spent in this place.
 C = Inter-level travel time spent in this place.
 D = Time resting spent in this place.
 E = Time spent auto-exploring this place.
 F = Levels seen in this place.
 G = Mean time per level.
                   A        B        C        D        E       F      G
               +--------+--------+--------+--------+--------+-----+--------+
         Total |     38 |     38 |      0 |      0 |     17 |   1 |   38.0 |
       Dungeon |     38 |     38 |      0 |      0 |     17 |   1 |   38.0 |
               +--------+--------+--------+--------+--------+-----+--------+

Top non-repeatable levels by time:
     D:1: 38 daAuts
